 Dungeon Crawl Stone Soup version 0.31-a0-149-g3fdcc5976a (webtiles) character file.

Game seed: 7320815922360795210

1559 qw the Skirmisher (level 8, -5/66 (73) HPs)
             Began as a Minotaur Hunter on June 7, 2023.
             Was an Initiate of Okawaru.
             Slain by a wight
             ... wielding a +4 halberd of freezing
              (9 damage)
             ... on level 7 of the Dungeon.
             The game lasted 00:02:34 (6342 turns).

qw the Skirmisher (Minotaur Hunter)                 Turns: 6342, Time: 00:02:34

HP:   -5/66 (73)    AC:  7    Str: 16    XL:     8   Next: 58%
MP:   7/7           EV: 12    Int:  6    God:    Okawaru [......]
Gold: 290           SH:  0    Dex: 16    Spells: 7/7 levels left

rFire   . . .        Y - +1 shortbow
rCold   . . .        (shield currently unavailable)
rNeg    . . .        j - +0 ring mail
rPois   .            (helmet restricted)
rElec   .            b - scarf {repulsion}
rCorr   .            e - +1 pair of gloves
SInv    +            (no boots)
Will    .....        (no amulet)
Stlth   +            g - ring of see invisible
HPRegen 0.31/turn    (no ring)
MPRegen 0.10/turn

%: repel missiles
@: about to teleport, drained
A: horns 2, retaliatory headbutt
a: Renounce Religion


You were on level 7 of the Dungeon.
You worshipped Okawaru.
Okawaru was noncommittal.
You visited 2 branches of the dungeon, and saw 8 of its levels.

You collected 290 gold pieces.


Innate Abilities, Weirdness & Mutations

You have a pair of horns on your head.
You reflexively headbutt those who attack you in melee.


   Skills:
 - Level 7.0 Fighting
 + Level 10.6 Ranged Weapons
 - Level 2.3 Armour
 - Level 3.0 Dodging
 - Level 0.7 Stealth


You had 7 spell levels left.
You didn't know any spells.
Your spell library was empty.

Inventory:

Hand Weapons
 Y - a +1 shortbow (weapon)
Armour
 b - a scarf of repulsion (worn)
 e - a +1 pair of gloves (worn)
 j - a +0 ring mail (worn)
Jewellery
 g - a ring of see invisible (left hand)
Scrolls
 a - 2 scrolls of teleportation
 c - a scroll of identify
Potions
 f - a potion of magic {unknown}
 i - a potion of curing {unknown}
 k - a potion of heal wounds {unknown}

Dungeon Overview and Level Annotations

Branches:
Dungeon (7/15)             Temple (1/1) D:7

Altars:
Ashenzari
Cheibriados
Dithmenos
Elyvilon
Fedhas
Gozag
Hepliaklqana
Kikubaaqudgha
Makhleb
Nemelex Xobeh
Okawaru
Qazlal
Ru
Sif Muna
Trog
Uskayaw
Vehumet
Wu Jian
Xom
Yredelemnul
Zin
The Shining One

Annotations:
D:3 1 runed translucent door, Crazy Yiuf
D:5 3 runed translucent doors, qw's ghost, novice MiHu


Message History

You shoot an arrow. The arrow completely misses the wight.
The arrow hits the wight.
The wight is moderately damaged.
You shoot an arrow. The arrow barely misses the wight.
The arrow hits the wight.
The wight is heavily damaged.
You shoot an arrow. The arrow hits the wight.
The wight is moderately damaged.
You shoot an arrow. The arrow completely misses the wight.
You shoot an arrow.
The arrow hits the wight but does no damage.
The wight is moderately damaged.
You shoot an arrow. The arrow barely misses the wight.
The arrow hits the wight but does no damage.
The wight is moderately damaged.
The wight hits you from afar with a +4 halberd of freezing.
You feel drained. The wight freezes you.
You shoot an arrow. The arrow closely misses the wight.
The arrow hits the wight but does no damage.
The wight is moderately damaged.
The wight hits you from afar with a +4 halberd of freezing!
The wight freezes you.
You shoot an arrow. The arrow closely misses the wight.
The arrow completely misses the wight.
The wight hits you from afar with a +4 halberd of freezing!
You feel drained. The wight freezes you.
A wight comes into view. It is wielding a +2 battleaxe.
You shoot an arrow.
The arrow hits the wight but does no damage.
The wight is moderately damaged.
The wight hits you from afar with a +4 halberd of freezing!
You feel drained. The wight freezes you.
You shoot an arrow. The arrow hits the wight!
The wight is almost destroyed.
The wight hits you from afar with a +4 halberd of freezing!
You feel drained. The wight freezes you.
6342 ||| READING 3 scrolls of teleportation.
As you read the scroll of teleportation, it crumbles to dust.
You feel strangely unstable.
The wight hits you from afar with a +4 halberd of freezing!
You die...

#.P.~~P.##...# #
#..P~7PP##.###
#.PP~PP~..#
#.P~~PP~.##
#..PP~~..#
.##~PPP.#
###......#
..#####...######
#.zzz.@###
...######


You could see 3 wights.

Vanquished Creatures
  A black bear (D:6)
  An ice beast (D:5)
  2 ogres
  A bullfrog (D:6)
  A gnoll sergeant (D:7)
  4 scorpions
  2 hounds (D:5)
  6 jellies
  4 iguanas
  5 sleepcaps
  Terence (D:2)
  2 orc wizards
  7 adders
  11 gnolls
  2 shadow imps
  2 white imps
  5 ufetubi
  2 worms (D:2)
  A dart slug (D:4)
  14 orcs
  7 ball pythons
  2 bats
  5 endoplasms
  3 giant cockroaches
  13 goblins
  3 hobgoblins
  3 jackals (D:4)
  2 quokkas
  5 frilled lizards
  6 kobolds
  5 rats
128 creatures vanquished.

Notes
Turn   | Place    | Note
-------+----------+-------------------------------------------
     0 | D:1      | qw the Minotaur Hunter began the quest for the Orb.
     0 | D:1      | Reached XP level 1. HP: 18/18 MP: 0/0
     0 | D:1      | 0 ||| qw: Version: 0.2-a-117-gc6b5c8b
     0 | D:1      | 0 ||| qw: Game counter: 2683
     0 | D:1      | 0 ||| qw: Always use a shield: true
     0 | D:1      | 0 ||| qw: God list: Okawaru
     0 | D:1      | 0 ||| qw: Allow faded altars: false
     0 | D:1      | 0 ||| qw: Do Orc after D:15 true
     0 | D:1      | 0 ||| qw: Do second Lair branch before Depths: true
     0 | D:1      | 0 ||| qw: Lair rune preference: random
     0 | D:1      | 0 ||| qw: Plans: Normal
     0 | D:1      | 0 ||| PLANNING D:1-11
   206 | D:1      | Reached XP level 2. HP: 25/25 MP: 1/1
   305 | D:1      | Reached skill level 5 in Ranged Weapons
   524 | D:1      | Reached skill level 3 in Fighting
   617 | D:1      | 617 ||| UPGRADING to +0 pair of gloves.
   622 | D:1      | 622 ||| READING scroll labelled POEZUSE SEGYFF.
   625 | D:1      | 625 ||| DROPPING scroll of butterflies.
   686 | D:2      | Reached XP level 3. HP: 29/31 MP: 2/2
   692 | D:2      | HP: 7/31 [worm (10)]
   964 | D:2      | Noticed Terence
   970 | D:2      | Killed Terence
  1013 | D:2      | Reached XP level 4. HP: 38/38 MP: 3/3
  1218 | D:2      | Found a faded altar of an unknown god.
  1266 | D:2      | Reached skill level 6 in Ranged Weapons
  1366 | D:2      | 1366 ||| UPGRADING to scarf of repulsion.
  1371 | D:2      | 1371 ||| UPGRADING to +0 ring mail.
  1381 | D:2      | 1381 ||| DROPPING +0 leather armour.
  1382 | D:2      | 1382 ||| READING scroll labelled OTOPIS GAMUE.
  1383 | D:2      | 1383 ||| READING scroll labelled YFAAHUNIMP.
  1484 | D:2      | 1484 ||| READING scroll labelled XEUG HIHEBA.
  1526 | D:3      | Reached skill level 1 in Armour
  1654 | D:3      | 1654 ||| FLEEEEING.
  1655 | D:3      | 1655 ||| FLEEEEING.
  1656 | D:3      | 1656 ||| FLEEEEING.
  1657 | D:3      | 1657 ||| FLEEEEING.
  1658 | D:3      | 1658 ||| FLEEEEING.
  1659 | D:3      | 1659 ||| FLEEEEING.
  1660 | D:3      | 1660 ||| FLEEEEING.
  1661 | D:3      | 1661 ||| FLEEEEING.
  1662 | D:3      | 1662 ||| FLEEEEING.
  1663 | D:3      | 1663 ||| FLEEEEING.
  1668 | D:3      | 1668 ||| FLEEEEING.
  1669 | D:3      | 1669 ||| FLEEEEING.
  1670 | D:3      | 1670 ||| FLEEEEING.
  1671 | D:3      | 1671 ||| FLEEEEING.
  1672 | D:3      | 1672 ||| FLEEEEING.
  1825 | D:3      | Reached XP level 5. HP: 46/46 MP: 4/4
  1873 | D:3      | Identified the +9 plate armour of Zyshrenui {Int+4}
  2152 | D:3      | Found a runed translucent door.
  2153 | D:3      | Noticed Crazy Yiuf
  2397 | D:3      | 2397 ||| READING scroll labelled DOVVO XIU.
  2515 | D:4      | Reached skill level 7 in Ranged Weapons
  2515 | D:4      | Reached XP level 6. HP: 31/52 MP: 5/5
  2665 | D:4      | HP: 12/52 [gnoll/+0 flail (3)]
  2666 | D:4      | 2666 ||| READING 2 scrolls of teleportation.
  2667 | D:4      | HP: 5/52 [gnoll/+0 flail (7)]
  2672 | D:4      | 2672 ||| FLEEEEING.
  2673 | D:4      | 2673 ||| FLEEEEING.
  2676 | D:4      | 2676 ||| FLEEEEING.
  2677 | D:4      | 2677 ||| FLEEEEING.
  2678 | D:4      | 2678 ||| FLEEEEING.
  2679 | D:4      | 2679 ||| FLEEEEING.
  2680 | D:4      | 2680 ||| FLEEEEING.
  2681 | D:4      | 2681 ||| FLEEEEING.
  2682 | D:4      | 2682 ||| FLEEEEING.
  2683 | D:4      | 2683 ||| FLEEEEING.
  2687 | D:4      | 2687 ||| FLEEEEING.
  2688 | D:4      | 2688 ||| FLEEEEING.
  2689 | D:4      | 2689 ||| FLEEEEING.
  2690 | D:4      | 2690 ||| FLEEEEING.
  2691 | D:4      | 2691 ||| FLEEEEING.
  2692 | D:4      | 2692 ||| FLEEEEING.
  2693 | D:4      | 2693 ||| FLEEEEING.
  2694 | D:4      | 2694 ||| FLEEEEING.
  2696 | D:4      | 2696 ||| FLEEEEING.
  2697 | D:4      | 2697 ||| FLEEEEING.
  2700 | D:4      | 2700 ||| FLEEEEING.
  2701 | D:4      | 2701 ||| FLEEEEING.
  2702 | D:4      | 2702 ||| FLEEEEING.
  2703 | D:4      | 2703 ||| FLEEEEING.
  2704 | D:4      | 2704 ||| FLEEEEING.
  2705 | D:4      | 2705 ||| FLEEEEING.
  2706 | D:4      | 2706 ||| FLEEEEING.
  2707 | D:4      | 2707 ||| FLEEEEING.
  2708 | D:4      | 2708 ||| FLEEEEING.
  2709 | D:4      | 2709 ||| FLEEEEING.
  2710 | D:4      | 2710 ||| FLEEEEING.
  2711 | D:4      | 2711 ||| FLEEEEING.
  2712 | D:4      | 2712 ||| FLEEEEING.
  2714 | D:4      | 2714 ||| FLEEEEING.
  2715 | D:4      | 2715 ||| FLEEEEING.
  2716 | D:4      | 2716 ||| FLEEEEING.
  2717 | D:4      | 2717 ||| FLEEEEING.
  2718 | D:4      | 2718 ||| STAIRDANCE
  2879 | D:3      | 2879 ||| READING scroll labelled RYAWIO YMUENG.
  2880 | D:3      | 2880 ||| DRINKING 2 orange potions.
  2881 | D:3      | 2881 ||| DROPPING potion of brilliance.
  3348 | D:4      | Reached skill level 8 in Ranged Weapons
  3668 | D:4      | 3668 ||| READING 2 scrolls labelled YSHADI HAUPSE.
  3669 | D:4      | 3669 ||| DROPPING scroll of fear.
  3682 | D:5      | Entered Level 5 of the Dungeon
  3693 | D:5      | 3693 ||| STAIRDANCE
  3738 | D:5      | Found a runed translucent gate.
  3738 | D:5      | Found a runed translucent gate.
  3738 | D:5      | Found a runed translucent gate.
  3744 | D:5      | Noticed qw's ghost (novice MiHu)
  3876 | D:5      | Reached XP level 7. HP: 38/61 MP: 6/6
  3880 | D:5      | Reached skill level 3 in Dodging
  3893 | D:5      | 3893 ||| FLEEEEING.
  3894 | D:5      | 3894 ||| FLEEEEING.
  3899 | D:5      | 3899 ||| FLEEEEING.
  3900 | D:5      | 3900 ||| FLEEEEING.
  3901 | D:5      | 3901 ||| FLEEEEING.
  3902 | D:5      | 3902 ||| FLEEEEING.
  3903 | D:5      | 3903 ||| FLEEEEING.
  3904 | D:5      | 3904 ||| FLEEEEING.
  3905 | D:5      | 3905 ||| FLEEEEING.
  3906 | D:5      | 3906 ||| FLEEEEING.
  3907 | D:5      | 3907 ||| FLEEEEING.
  3908 | D:5      | 3908 ||| FLEEEEING.
  3909 | D:5      | 3909 ||| FLEEEEING.
  3910 | D:5      | 3910 ||| FLEEEEING.
  3911 | D:5      | 3911 ||| FLEEEEING.
  3913 | D:5      | 3913 ||| FLEEEEING.
  3914 | D:5      | 3914 ||| FLEEEEING.
  3920 | D:5      | 3920 ||| STAIRDANCE
  3977 | D:4      | 3977 ||| UPGRADING to ring of see invisible.
  3978 | D:4      | 3978 ||| READING scroll labelled GABLAV JEIQ.
  4346 | D:5      | Reached skill level 9 in Ranged Weapons
  4504 | D:5      | Found a shimmering blue altar of Sif Muna.
  4694 | D:5      | 4694 ||| READING 2 scrolls of identify.
  4694 | D:5      | 4694 ||| IDENTIFYING fuming white potion
  4695 | D:5      | 4695 ||| DROPPING potion of berserk rage.
  4756 | D:6      | Reached skill level 6 in Fighting
  4765 | D:6      | Reached XP level 8. HP: 59/70 MP: 7/7
  4772 | D:6      | 4772 ||| FLEEEEING.
  4773 | D:6      | 4773 ||| FLEEEEING.
  4774 | D:6      | 4774 ||| FLEEEEING.
  4775 | D:6      | 4775 ||| FLEEEEING.
  4776 | D:6      | 4776 ||| FLEEEEING.
  4777 | D:6      | 4777 ||| FLEEEEING.
  4778 | D:6      | 4778 ||| FLEEEEING.
  4779 | D:6      | 4779 ||| FLEEEEING.
  4780 | D:6      | 4780 ||| FLEEEEING.
  4781 | D:6      | 4781 ||| FLEEEEING.
  4782 | D:6      | 4782 ||| FLEEEEING.
  4783 | D:6      | 4783 ||| FLEEEEING.
  4784 | D:6      | 4784 ||| FLEEEEING.
  4785 | D:6      | 4785 ||| FLEEEEING.
  4786 | D:6      | 4786 ||| FLEEEEING.
  4787 | D:6      | 4787 ||| FLEEEEING.
  4788 | D:6      | 4788 ||| FLEEEEING.
  4789 | D:6      | 4789 ||| FLEEEEING.
  4790 | D:6      | 4790 ||| FLEEEEING.
  4791 | D:6      | 4791 ||| FLEEEEING.
  4792 | D:6      | 4792 ||| STAIRDANCE
  4852 | D:6      | 4852 ||| STAIRDANCE
  5079 | D:6      | Reached skill level 10 in Ranged Weapons
  5325 | D:6      | 5325 ||| READING scroll of enchant armour.
  5325 | D:6      | 5325 ||| ENCHANTING +0 pair of gloves.
  5830 | D:6      | 5830 ||| DROPPING ring of magical power.
  5831 | D:6      | 5831 ||| READING scroll labelled GAUBUHO HEREU.
  5885 | D:7      | Found a staircase to the Ecumenical Temple.
  5886 | D:7      | 5886 ||| PLANNING TEMPLE
  5972 | Temple   | Entered the Ecumenical Temple
  5984 | Temple   | 5984 ||| PLANNING OKAWARU WORSHIP
  6244 | Temple   | Became a worshipper of Warmaster Okawaru
  6244 | Temple   | 6244 ||| PLANNING D:1-11
  6341 | D:7      | HP: 10/69 [wight/+4 halberd of freezing (13)]
  6341 | D:7      | HP: 4/66 [wight/+4 halberd of freezing (6)]
  6342 | D:7      | 6342 ||| READING 3 scrolls of teleportation.
  6342 | D:7      | Slain by a wight

Levels and vault maps discovered:
D:1:      dpeg_arrival_pits, layout_basic, serial_bayou_pond_e,
          minmay_misc_feat_tower
D:2:      layout_loops_ring, chequers_ecumenical_altar_island,
          grunt_ministairs_8, uniq_terence
D:3:      layout_basic, serial_bayou, serial_bayou_shore_a,
          serial_bayou_lagoon_b, serial_bayou_pond_d, serial_bayou_lake_a,
          st_stairs_12, glass_columns_a, uniq_crazy_yiuf_cottage
D:4:      layout_basic
D:5:      layout_cave_pools, mainiacjoe_overflow_concentric_impassable,
          gammafunk_ghost_nasty_kobolds, nrook_loot_triangle
D:6:      layout_loops_ring
D:7:      layout_cave_pools, minmay_temple_entry_water_ring, enter_bailey_3,
          serial_bayou_lagoon_a
Temple:   regret_index_temple_sigil_plot

Skill      XL: |  1  2  3  4  5  6  7  8 |
---------------+-------------------------+-----
Ranged Weapons | 5 6 7 8 9 10 | 10.6
Fighting       | 3 4 5 6 7 |  7.0
Armour         | 1 2 |  2.3
Dodging        | 3 |  3.0
Stealth        | |  0.7

Action                     |  1- 3 |  4- 6 |  7- 9 || total
---------------------------+-------+-------+-------++-------
   Fire: Shortbow          |    91 |   236 |   234 ||   561
    Use: Scroll            |     1 |     7 |     5 ||    13
         Potion            |       |     1 |       ||     1
 Armour: Leather armour    |     7 |     1 |       ||     8
         Ring mail         |       |    28 |    40 ||    68
  Dodge: Dodged            |    11 |    76 |    68 ||   155
         Repelled          |       |       |     3 ||     3

Table legend:
 A = Non-vault XP
 B = Vault XP
 C = Vault XP percentage of total XP
 D = Non-vault monster count
 E = Vault monster count
 F = Vault count percentage of total count
                 A         B        C        D         E       F
            +---------+---------+-------+---------+---------+-------
      Total |    2178 |      50 |   2.2 |     124 |       4 |   3.1
            +---------+---------+-------+---------+---------+-------
        D:1 |      35 |       0 |   0.0 |      15 |       0 |   0.0
        D:2 |      45 |      47 |  51.1 |      17 |       3 |  15.0
        D:3 |     167 |       3 |   1.8 |      24 |       1 |   4.0
        D:4 |     322 |       0 |   0.0 |      21 |       0 |   0.0
        D:5 |     787 |       0 |   0.0 |      24 |       0 |   0.0
        D:6 |     645 |       0 |   0.0 |      16 |       0 |   0.0
        D:7 |     177 |       0 |   0.0 |       7 |       0 |   0.0
            +---------+---------+-------+---------+---------+-------
